Capitals vs Maple Leafs
(R1)
Created - April 6, 2020 at 19:01
Goals
|
| Capitals |
1 |
1 |
2 |
0 |
2 |
5 |
| Maple Leafs |
2 |
1 |
1 |
0 |
1 |
4 |
|
Shots
|
| Capitals |
5 |
10 |
8 |
1 |
7 |
24 |
| Maple Leafs |
10 |
17 |
16 |
0 |
7 |
43 |
|
1st period
1. Maple Leafs , Taylor Hall 20 (Jordan Staal 40, Kevin Shattenkirk 39) at 1:41
2. Maple Leafs , Taylor Hall 21 (Patrick Kane 40) at 11:24 (PP)
3. Capitals , Brian McGrattan 7 (Patrick Sharp 20, Pernell Karl Subban 21) at 15:55
Penalties :
Ryan Getzlaf (Was) for High sticking (Minor) at 11:18, Peter Worrell (Was) for Holding (Minor) at 12:32, Eric Nystrom (Tor) for Interference (Minor) at 17:59
2nd period
4. Maple Leafs , Taylor Hall 22 (Patrick Kane 41) at 2:41
5. Capitals , Ryan Getzlaf 14 (Brian McGrattan 14, Patrick Sharp 21) at 19:56
Penalties :
Ryan Getzlaf (Was) for Holding (Minor) at 5:32
3rd period
6. Capitals , Ryan Getzlaf 15 (Brian McGrattan 15) at 8:49
7. Maple Leafs , Eric Nystrom 18 (Kevin Shattenkirk 40, Beau Bennett 6) at 15:13
8. Capitals , Ondrej Palat 9 (Joe Pavelski 33, Joe Thornton 42) at 18:09
Penalties :
Joe Pavelski (Was) for Roughing (Minor) at 5:30, Kyle Clifford (Tor) for Hooking (Minor) at 6:49
Overtime #1
No Goal
Penalties :
No Penalty
Shootout
Capitals, Joe Thornton - Stopped by Marc-André Fleury
Maple Leafs, Patrick Kane - Stopped by Mike Smith
Capitals, Joe Pavelski - Stopped by Marc-André Fleury
Maple Leafs, Taylor Hall - Stopped by Mike Smith
Capitals, Thomas Vanek - Shot Misses the Net
Maple Leafs, Jordan Staal - Stopped by Mike Smith
Capitals, Patrick Sharp - Stopped by Marc-André Fleury
Maple Leafs, Brayden Schenn - Shot Misses the Net
Capitals, Ryan Getzlaf - Goal!
Maple Leafs, Kyle Clifford - Goal!
Capitals, Jeff Skinner - Stopped by Marc-André Fleury
Maple Leafs, Blake Comeau - Stopped by Mike Smith
Capitals, Mikko Koivu - Goal!
Maple Leafs, John Klingberg - Shot Hit the Post
Penalties :
No Penalty
Goalie Stats
Mike Smith (Was), 39 saves from 43 shots - (0.907), W, 12-11-3, 65:00 minutes
Marc-André Fleury (Tor), 20 saves from 24 shots - (0.833), OTL, 24-23-8, 65:00 minutes
Players Stats for Capitals
Player Name G A P +/- PIM S H SB GA TA FO MP PP MP PK MP
------------------------------------------------------------------------------------
Brent Burns 0 0 0 1 0 0 1 4 0 1 0/0 29:35 1:14 2:45
Brian McGrattan 1 2 3 3 0 4 3 2 0 1 1/1 18:07 0:57 0:00
Dan Hamhuis 0 0 0 0 0 0 1 3 0 0 0/0 23:06 2:04 2:38
Jeff Skinner 0 0 0 -1 0 0 0 0 0 0 0/1 2:52 0:00 0:00
Joe Pavelski 0 1 1 -1 2 1 2 0 2 0 1/2 26:26 2:21 2:11
Joe Thornton 0 1 1 -1 0 0 1 0 0 1 15/28 26:50 1:23 2:54
Josh Manson 0 0 0 -1 0 0 0 0 0 0 0/0 3:51 0:00 0:00
Mikko Koivu 0 0 0 0 0 4 0 2 0 0 3/9 15:19 0:58 0:27
Ondrej Palat 1 0 1 1 0 1 1 0 0 0 1/1 6:04 0:00 1:31
Patrick Sharp 0 2 2 2 0 2 2 1 1 0 0/1 20:18 0:57 1:04
Pernell Karl Subban 0 1 1 2 0 3 2 0 0 4 0/0 26:54 1:14 2:45
Peter Worrell 0 0 0 0 2 1 1 0 0 0 0/1 12:45 0:00 0:12
Roman Josi 0 0 0 0 0 0 0 0 0 0 0/0 11:44 0:00 0:00
Ryan Getzlaf 2 0 2 2 4 4 2 0 0 0 6/17 18:09 0:57 0:00
Ryan Suter 0 0 0 0 0 0 0 1 0 1 0/0 11:44 0:00 0:00
T.J. Oshie 0 0 0 0 0 1 0 1 0 0 1/1 16:23 0:58 1:23
Thomas Vanek 0 0 0 -2 0 0 1 0 1 0 1/4 20:40 1:23 1:04
Torey Krug 0 0 0 0 0 3 2 0 1 0 0/0 23:06 2:04 2:38
Players Stats for Maple Leafs
Player Name G A P +/- PIM S H SB GA TA FO MP PP MP PK MP
------------------------------------------------------------------------------------
Beau Bennett 0 1 1 -1 0 1 0 0 0 0 1/1 8:12 0:00 0:00
Ben Smith 0 0 0 0 0 3 0 0 1 0 1/1 16:07 2:32 0:00
Blake Comeau 0 0 0 0 0 1 2 0 0 0 0/0 13:14 0:02 1:25
Brayden Schenn 0 0 0 0 0 3 0 0 1 0 6/12 18:03 2:32 0:40
Braydon Coburn 0 0 0 1 0 0 1 3 1 2 0/0 29:17 3:12 2:13
Eric Nystrom 1 0 1 0 2 2 1 0 0 0 0/0 12:58 0:02 0:56
Hampus Lindholm 0 0 0 -1 0 1 2 0 0 1 0/0 14:35 0:00 0:00
Jake Guentzel 0 0 0 -1 0 0 1 0 0 0 0/1 8:12 0:00 0:00
John Klingberg 0 0 0 -1 0 0 1 0 0 0 0/0 21:08 2:11 1:05
Jordan Staal 0 1 1 1 0 3 0 0 1 1 15/25 22:35 2:49 0:40
Kevin Shattenkirk 0 2 2 1 0 2 1 1 3 1 0/0 29:02 3:12 2:13
Kyle Clifford 0 0 0 -1 2 7 3 0 0 0 0/0 17:19 2:31 0:29
Marc-Édouard Vlasic 0 0 0 -1 0 0 0 0 0 0 0/0 21:08 2:11 1:05
Mika Zibanejad 0 0 0 0 0 5 0 0 0 0 6/11 11:45 0:02 0:00
Nate Thompson 0 0 0 -1 0 1 0 0 0 0 2/3 8:12 0:00 0:00
Patrick Kane 0 2 2 0 0 2 1 0 1 0 5/10 24:40 2:49 1:13
Ryan Parent 0 0 0 -1 0 4 0 0 0 0 0/0 14:50 0:00 0:00
Taylor Hall 3 0 3 0 0 8 1 0 0 0 1/2 24:43 2:49 1:13
3 Stars
1 - Brian McGrattan (Was)
2 - Taylor Hall (Tor)
3 - Ryan Getzlaf (Was)
Power Play
Capitals - 0 on 2 Attempt(s) - 0.00%
Maple Leafs - 1 on 4 Attempt(s) - 25.00%
Penalty Kill
Capitals - 3 on 4 Attempt(s) - 75.00%
- Score 0 goal in Penalty Kill
Maple Leafs - 2 on 2 Attempt(s) - 100.00%
- Score 0 goal in Penalty Kill
Team Stat
Capitals - Hits : 19 - Faceoff Wins : 29 - Blocked Shots : 14 - Penalty Minutes : 8
Maple Leafs - Hits : 14 - Faceoff Wins : 37 - Blocked Shots : 4 - Penalty Minutes : 4
Official
Referees : Unknown
Linesman : Unknown
Game Notes
Taylor Hall has scored a Hat Trick!
Finance
Level 1 -- Attendance: 4663 (77.72%) -- Ticket Income $512,930
Level 2 -- Attendance: 4451 (89.02%) -- Ticket Income $311,570
Level 3 -- Attendance: 1713 (85.65%) -- Ticket Income $78,798
Level 4 -- Attendance: 3632 (90.80%) -- Ticket Income $108,960
Luxury Box -- Attendance: 1000 (100.00%) -- Ticket Income $180,000
Game was played at the Maple Leafs Garden.
Total Attendance: 15459 (85.88%)
Total Ticket Income: $1,192,258
Other Income: $178,839
Total Income: $1,371,097
Capitals
5 vs 5 Forward
Center Left Wing Right Wing Time % Phy DF OF
1 Joe Thornton Thomas Vanek Joe Pavelski 40 1 2 2
2 Ryan Getzlaf Patrick Sharp Brian McGrattan 30 1 2 2
3 Mikko Koivu Peter Worrell T.J. Oshie 20 1 2 2
4 Joe Thornton Ondrej Palat Joe Pavelski 10 1 2 2
5 vs 5 Defense
Defense Defense Time % Phy DF OF
1 Brent Burns Pernell Karl Subban 40 1 2 2
2 Torey Krug Dan Hamhuis 30 1 2 2
3 Ryan Suter Roman Josi 20 1 2 2
4 Josh Manson Brent Burns 10 1 2 2
PowerPlay Forward
Center Left Wing Right Wing Time % Phy DF OF
1 Joe Thornton Thomas Vanek Joe Pavelski 60 1 2 2
2 Ryan Getzlaf Patrick Sharp Brian McGrattan 40 1 2 2
PowerPlay Defense
Defense Defense Time % Phy DF OF
1 Brent Burns Pernell Karl Subban 60 1 2 2
2 Torey Krug Dan Hamhuis 40 1 2 2
Penalty Kill 4 Players Forward
Center Wing Time % Phy DF OF
1 Joe Thornton Joe Pavelski 60 1 2 2
2 Thomas Vanek Patrick Sharp 40 1 2 2
Penalty Kill 4 Players Defense
Defense Defense Time % Phy DF OF
1 Brent Burns Pernell Karl Subban 60 1 2 2
2 Torey Krug Dan Hamhuis 40 1 2 2
Penalty Kill - 3 Players Forward
Forward Time % Phy DF OF
1 Joe Thornton 60 1 2 2
2 Joe Pavelski 40 1 2 2
Penalty Kill - 3 Players Defense
Defense Defense Time % Phy DF OF
1 Brent Burns Pernell Karl Subban 60 1 2 2
2 Torey Krug Dan Hamhuis 40 1 2 2
4 vs 4 Forward
Center Wing Time % Phy DF OF
1 Joe Thornton Joe Pavelski 60 1 2 2
2 Thomas Vanek Patrick Sharp 40 1 2 2
4 vs 4 Defense
Defense Defense Time % Phy DF OF
1 Brent Burns Pernell Karl Subban 60 1 2 2
2 Torey Krug Dan Hamhuis 40 1 2 2
Last Minutes Offensive
Center Left Wing Right Wing Defense Defense
Joe Thornton Thomas Vanek Joe Pavelski Brent Burns Pernell Karl Subban
Last Minutes Defensive
Center Left Wing Right Wing Defense Defense
Joe Thornton Thomas Vanek Joe Pavelski Brent Burns Pernell Karl Subban
Goaltenders
Starting : Mike Smith
Backup : Tuukka Rask
Extra Forwards
Normal : Jeff Skinner, Mikko Koivu, T.J. Oshie - PP : Jeff Skinner, Mikko Koivu - PK : T.J. Oshie
Extra Defensemen
Normal : Ryan Suter, Roman Josi, Josh Manson - PP : Ryan Suter - PK : Roman Josi, Josh Manson
Penalty Shots
Joe Thornton, Joe Pavelski, Thomas Vanek, Patrick Sharp, Ryan Getzlaf
Scratches
Ryan Nugent-Hopkins (Healthy), William Karlsson (Healthy), Jason Pominville (Healthy)
Maple Leafs
5 vs 5 Forward
Center Left Wing Right Wing Time % Phy DF OF
1 Jordan Staal Taylor Hall Patrick Kane 40 1 2 2
2 Brayden Schenn Kyle Clifford Ben Smith 30 1 2 2
3 Mika Zibanejad Eric Nystrom Blake Comeau 20 1 2 2
4 Nate Thompson Jake Guentzel Beau Bennett 10 1 2 2
5 vs 5 Defense
Defense Defense Time % Phy DF OF
1 Kevin Shattenkirk Braydon Coburn 40 1 2 2
2 John Klingberg Marc-Édouard Vlasic 30 1 2 2
3 Ryan Parent Hampus Lindholm 20 1 2 2
4 Kevin Shattenkirk Braydon Coburn 10 1 2 2
PowerPlay Forward
Center Left Wing Right Wing Time % Phy DF OF
1 Jordan Staal Taylor Hall Patrick Kane 60 1 2 2
2 Brayden Schenn Kyle Clifford Ben Smith 40 1 2 2
PowerPlay Defense
Defense Defense Time % Phy DF OF
1 Kevin Shattenkirk Braydon Coburn 60 1 2 2
2 John Klingberg Marc-Édouard Vlasic 40 1 2 2
Penalty Kill 4 Players Forward
Center Wing Time % Phy DF OF
1 Patrick Kane Taylor Hall 60 1 2 2
2 Jordan Staal Brayden Schenn 40 1 2 2
Penalty Kill 4 Players Defense
Defense Defense Time % Phy DF OF
1 Kevin Shattenkirk Braydon Coburn 60 1 2 2
2 John Klingberg Marc-Édouard Vlasic 40 1 2 2
Penalty Kill - 3 Players Forward
Forward Time % Phy DF OF
1 Patrick Kane 60 1 2 2
2 Taylor Hall 40 1 2 2
Penalty Kill - 3 Players Defense
Defense Defense Time % Phy DF OF
1 Kevin Shattenkirk Braydon Coburn 60 1 2 2
2 John Klingberg Marc-Édouard Vlasic 40 1 2 2
4 vs 4 Forward
Center Wing Time % Phy DF OF
1 Patrick Kane Taylor Hall 60 1 2 2
2 Jordan Staal Brayden Schenn 40 1 2 2
4 vs 4 Defense
Defense Defense Time % Phy DF OF
1 Kevin Shattenkirk Braydon Coburn 60 1 2 2
2 John Klingberg Marc-Édouard Vlasic 40 1 2 2
Last Minutes Offensive
Center Left Wing Right Wing Defense Defense
Jordan Staal Taylor Hall Patrick Kane Kevin Shattenkirk Braydon Coburn
Last Minutes Defensive
Center Left Wing Right Wing Defense Defense
Jordan Staal Taylor Hall Patrick Kane Kevin Shattenkirk Braydon Coburn
Goaltenders
Starting : Marc-André Fleury
Backup : Tyler Weiman
Extra Forwards
Normal : Eric Nystrom, Mika Zibanejad, Blake Comeau - PP : Eric Nystrom, Mika Zibanejad - PK : Blake Comeau
Extra Defensemen
Normal : Ryan Parent, Hampus Lindholm, John Klingberg - PP : Ryan Parent - PK : Hampus Lindholm, John Klingberg
Penalty Shots
Patrick Kane, Taylor Hall, Jordan Staal, Brayden Schenn, Kyle Clifford
Scratches
None
% Time on Ice - Capitals
Lines # - Real PCT - Wanted PCT - Time Play
Normal Forward
1 - 35% - 40% - 17:34
2 - 34% - 30% - 17:15
3 - 24% - 20% - 12:17
4 - 7% - 10% - 3:33
Normal Defense
1 - 40% - 40% - 20:11
2 - 32% - 30% - 16:17
3 - 22% - 20% - 10:55
4 - 6% - 10% - 3:16
PP Forward
1 - 71% - 60% - 2:21
2 - 29% - 40% - 0:57
PP Defense
1 - 37% - 60% - 1:14
2 - 63% - 40% - 2:04
PK Forward
1 - 80% - 60% - 4:19
2 - 20% - 40% - 1:04
PK Defense
1 - 51% - 60% - 2:45
2 - 49% - 40% - 2:38
PK3 Forward
1 - 0% - 60%
2 - 0% - 40%
PK3 Defense
1 - 0% - 60%
2 - 0% - 40%
44 Forward
1 - 82% - 60% - 4:38
2 - 18% - 40% - 1:02
44 Defense
1 - 63% - 60% - 3:33
2 - 37% - 40% - 2:07
Last Minute Offensive - 0:00
Last Minute Defensive - 0:00
Total
Forward - 65:00
Defense - 65:00
|
% Time on Ice - Maple Leafs
Lines # - Real PCT - Wanted PCT - Time Play
Normal Forward
1 - 36% - 40% - 18:27
2 - 27% - 30% - 13:36
3 - 21% - 20% - 10:24
4 - 16% - 10% - 8:12
Normal Defense
1 - 39% - 40% - 19:34
2 - 30% - 30% - 15:16
3 - 28% - 20% - 14:01
4 - 4% - 10% - 1:48
PP Forward
1 - 53% - 60% - 2:51
2 - 47% - 40% - 2:32
PP Defense
1 - 59% - 60% - 3:12
2 - 41% - 40% - 2:11
PK Forward
1 - 80% - 60% - 2:38
2 - 20% - 40% - 0:40
PK Defense
1 - 67% - 60% - 2:13
2 - 33% - 40% - 1:05
PK3 Forward
1 - 0% - 60%
2 - 0% - 40%
PK3 Defense
1 - 0% - 60%
2 - 0% - 40%
44 Forward
1 - 78% - 60% - 4:25
2 - 22% - 40% - 1:15
44 Defense
1 - 54% - 60% - 3:04
2 - 46% - 40% - 2:36
Last Minute Offensive - 0:00
Last Minute Defensive - 0:00
Total
Forward - 65:00
Defense - 65:00
|
Play-by-Play
1st period
0:01 of 1st period - Joe Thornton wins face-off versus Jordan Staal in neutral zone.
0:04 of 1st period - Slapshot by Pernell Karl Subban.
0:04 of 1st period - Stopped by Marc-André Fleury without a rebound.
0:05 of 1st period - Jordan Staal wins face-off versus Joe Thornton in Maple Leafs zone.
0:14 of 1st period - Wrist shot by Jordan Staal.
0:14 of 1st period - Stopped by Mike Smith without a rebound.
0:15 of 1st period - Brayden Schenn wins face-off versus Ryan Getzlaf in Capitals zone.
0:18 of 1st period - Snap shot by Ben Smith.
0:18 of 1st period - Stopped by Mike Smith with a rebound.
0:42 of 1st period - Eric Nystrom is hit by Torey Krug and loses puck.
0:47 of 1st period - Wrist shot by T.J. Oshie.
0:47 of 1st period - Stopped by Marc-André Fleury without a rebound.
0:48 of 1st period - Nate Thompson wins face-off versus Joe Thornton in Maple Leafs zone.
1:15 of 1st period - Peter Worrell is hit by Hampus Lindholm and loses puck.
1:23 of 1st period - Off-side.
1:24 of 1st period - Jordan Staal wins face-off versus Joe Pavelski in neutral zone.
1:41 of 1st period - Backhand shot by Taylor Hall.
1:41 of 1st period - Goal by Taylor Hall - Capitals : 0 - Maple Leafs : 1.
1:42 of 1st period - Ryan Getzlaf wins face-off versus Brayden Schenn in neutral zone.
1:54 of 1st period - Braydon Coburn is hit by Brian McGrattan and loses puck.
2:20 of 1st period - Off-side.
2:21 of 1st period - Jordan Staal wins face-off versus Peter Worrell in neutral zone.
2:54 of 1st period - Icing by Pernell Karl Subban.
2:55 of 1st period - Thomas Vanek wins face-off versus Mika Zibanejad in Capitals zone.
3:49 of 1st period - Wrist shot by Brian McGrattan.
3:49 of 1st period - Stopped by Marc-André Fleury without a rebound.
3:50 of 1st period - Beau Bennett wins face-off versus Ryan Getzlaf in Maple Leafs zone.
4:15 of 1st period - Marc-Édouard Vlasic is hit by Dan Hamhuis.
5:00 of 1st period - Wrist shot by Ben Smith.
5:00 of 1st period - Shot Misses the Net.
5:35 of 1st period - John Klingberg is hit by Ondrej Palat and loses puck.
6:06 of 1st period - Wrist shot by Patrick Sharp.
6:06 of 1st period - Shot Blocked by Braydon Coburn.
6:08 of 1st period - Slapshot by Ryan Getzlaf.
6:08 of 1st period - Shot Misses the Net.
7:10 of 1st period - Brent Burns is hit by Blake Comeau and loses puck.
8:11 of 1st period - Icing by Taylor Hall.
8:12 of 1st period - T.J. Oshie wins face-off versus Jordan Staal in Maple Leafs zone.
8:39 of 1st period - Braydon Coburn is hit by Joe Pavelski and loses puck.
9:26 of 1st period - Slapshot by Hampus Lindholm.
9:26 of 1st period - Shot Misses the Net.
9:34 of 1st period - Snap shot by Mika Zibanejad.
9:34 of 1st period - Stopped by Mike Smith without a rebound.
9:35 of 1st period - Jordan Staal wins face-off versus Mikko Koivu in Capitals zone.
9:44 of 1st period - Slapshot by Jordan Staal.
9:44 of 1st period - Stopped by Mike Smith with a rebound.
9:46 of 1st period - Backhand shot by Jordan Staal.
9:46 of 1st period - Deflect By Taylor Hall.
9:46 of 1st period - Shot Blocked by Mikko Koivu.
9:46 of 1st period - Puck is out of play.
9:47 of 1st period - Joe Thornton wins face-off versus Jordan Staal in Capitals zone.
9:56 of 1st period - Joe Pavelski is hit by Taylor Hall and loses puck.
10:03 of 1st period - Snap shot by Jordan Staal.
10:03 of 1st period - Shot Blocked by Dan Hamhuis.
10:36 of 1st period - Snap shot by Joe Pavelski.
10:36 of 1st period - Shot Misses the Net.
11:18 of 1st period - Minor Penalty to Ryan Getzlaf for High sticking.
11:19 of 1st period - Patrick Kane wins face-off versus Joe Thornton in Capitals zone.
11:24 of 1st period - Wrist shot by Taylor Hall.
11:24 of 1st period - Goal by Taylor Hall - Capitals : 0 - Maple Leafs : 2.
11:25 of 1st period - Joe Thornton wins face-off versus Taylor Hall in neutral zone.
12:00 of 1st period - Wrist shot by Kyle Clifford.
12:00 of 1st period - Shot Misses the Net.
12:02 of 1st period - Slapshot by Kevin Shattenkirk.
12:02 of 1st period - Stopped by Mike Smith with a rebound.
12:04 of 1st period - Snap shot by Kyle Clifford.
12:04 of 1st period - Shot Blocked by Brent Burns.
12:26 of 1st period - Snap shot by Blake Comeau.
12:26 of 1st period - Shot Blocked by Mikko Koivu.
12:32 of 1st period - Minor Penalty to Peter Worrell for Holding.
12:33 of 1st period - Patrick Kane wins face-off versus Joe Thornton in Capitals zone.
14:24 of 1st period - Marc-Édouard Vlasic is hit by Patrick Sharp.
14:32 of 1st period - Penalty to Peter Worrell is over, Peter Worrell is back on ice.
14:40 of 1st period - Slapshot by Ryan Parent.
14:40 of 1st period - Deflect By Thomas Vanek.
14:40 of 1st period - Stopped by Mike Smith with a rebound.
14:48 of 1st period - Snap shot by Beau Bennett.
14:48 of 1st period - Stopped by Mike Smith without a rebound.
14:49 of 1st period - Mika Zibanejad wins face-off versus Mikko Koivu in Capitals zone.
14:54 of 1st period - Snap shot by Mika Zibanejad.
14:54 of 1st period - Deflect By Eric Nystrom.
14:54 of 1st period - Shot Misses the Net.
14:54 of 1st period - Puck is out of play.
14:55 of 1st period - Mika Zibanejad wins face-off versus Mikko Koivu in Capitals zone.
14:56 of 1st period - Slapshot by Kevin Shattenkirk.
14:56 of 1st period - Shot Misses the Net.
15:22 of 1st period - Off-side.
15:23 of 1st period - Jordan Staal wins face-off versus Ryan Getzlaf in neutral zone.
15:38 of 1st period - Patrick Kane is hit by Ryan Getzlaf and loses puck.
15:55 of 1st period - Snap shot by Patrick Sharp.
15:55 of 1st period - Deflect By Brian McGrattan.
15:55 of 1st period - Goal by Brian McGrattan - Capitals : 1 - Maple Leafs : 2.
15:56 of 1st period - Ben Smith wins face-off versus Joe Thornton in neutral zone.
16:03 of 1st period - Slapshot by Brayden Schenn.
16:03 of 1st period - Stopped by Mike Smith without a rebound.
16:04 of 1st period - Brayden Schenn wins face-off versus Thomas Vanek in Capitals zone.
16:11 of 1st period - Slapshot by Kevin Shattenkirk.
16:11 of 1st period - Shot Misses the Net.
16:35 of 1st period - Slapshot by Patrick Sharp.
16:35 of 1st period - Stopped by Marc-André Fleury without a rebound.
16:36 of 1st period - Jordan Staal wins face-off versus Ryan Getzlaf in Maple Leafs zone.
17:59 of 1st period - Minor Penalty to Eric Nystrom for Interference.
18:00 of 1st period - Joe Thornton wins face-off versus Patrick Kane in Maple Leafs zone.
18:31 of 1st period - Patrick Kane is hit by Patrick Sharp and loses puck.
19:26 of 1st period - Kyle Clifford is hit by Torey Krug and loses puck.
19:45 of 1st period - Jordan Staal is hit by Brian McGrattan and loses puck.
19:59 of 1st period - Penalty to Eric Nystrom is over, Eric Nystrom is back on ice.
Goals for this period are 1 for Capitals vs 2 for Maple Leafs.
Shots for this period are 5 for Capitals vs 10 for Maple Leafs.
2nd period
0:01 of 2nd period - Jordan Staal wins face-off versus Joe Thornton in neutral zone.
0:14 of 2nd period - Wrist shot by Dan Hamhuis.
0:14 of 2nd period - Shot Misses the Net.
0:16 of 2nd period - Slapshot by Torey Krug.
0:16 of 2nd period - Stopped by Marc-André Fleury without a rebound.
0:17 of 2nd period - Brayden Schenn wins face-off versus Ryan Getzlaf in Maple Leafs zone.
0:42 of 2nd period - Braydon Coburn is hit by Joe Pavelski and loses puck.
0:53 of 2nd period - Snap shot by Joe Thornton.
0:53 of 2nd period - Shot Misses the Net.
0:55 of 2nd period - Snap shot by Torey Krug.
0:55 of 2nd period - Stopped by Marc-André Fleury with a rebound.
1:16 of 2nd period - Wrist shot by Mika Zibanejad.
1:16 of 2nd period - Stopped by Mike Smith without a rebound.
1:17 of 2nd period - Joe Thornton wins face-off versus Brayden Schenn in Capitals zone.
1:41 of 2nd period - Icing by Ryan Getzlaf.
1:42 of 2nd period - Taylor Hall wins face-off versus Ryan Getzlaf in Capitals zone.
1:43 of 2nd period - Snap shot by Patrick Kane.
1:43 of 2nd period - Stopped by Mike Smith without a rebound.
1:44 of 2nd period - Ryan Getzlaf wins face-off versus Jordan Staal in Capitals zone.
1:53 of 2nd period - Patrick Kane is hit by Brian McGrattan and loses puck.
2:31 of 2nd period - Snap shot by Jordan Staal.
2:31 of 2nd period - Shot Misses the Net.
2:41 of 2nd period - Snap shot by Taylor Hall.
2:41 of 2nd period - Goal by Taylor Hall - Capitals : 1 - Maple Leafs : 3.
2:42 of 2nd period - Brian McGrattan wins face-off versus Brayden Schenn in neutral zone.
3:00 of 2nd period - Icing by Dan Hamhuis.
3:01 of 2nd period - Mika Zibanejad wins face-off versus Ryan Getzlaf in Capitals zone.
3:02 of 2nd period - Snap shot by Kevin Shattenkirk.
3:02 of 2nd period - Deflect By Blake Comeau.
3:02 of 2nd period - Shot Misses the Net.
3:02 of 2nd period - Puck is out of play.
3:03 of 2nd period - Mika Zibanejad wins face-off versus Thomas Vanek in Capitals zone.
3:18 of 2nd period - Wrist shot by Blake Comeau.
3:18 of 2nd period - Shot Misses the Net.
3:30 of 2nd period - Brayden Schenn is hit by Pernell Karl Subban and loses puck.
4:11 of 2nd period - Snap shot by Joe Pavelski.
4:11 of 2nd period - Shot Misses the Net.
4:30 of 2nd period - Marc-Édouard Vlasic is hit by Ryan Getzlaf and loses puck.
4:59 of 2nd period - T.J. Oshie is hit by Jake Guentzel.
5:19 of 2nd period - Slapshot by Taylor Hall.
5:19 of 2nd period - Stopped by Mike Smith without a rebound.
5:20 of 2nd period - Ryan Getzlaf wins face-off versus Jordan Staal in Capitals zone.
5:25 of 2nd period - Hampus Lindholm is hit by Brent Burns.
5:32 of 2nd period - Minor Penalty to Ryan Getzlaf for Holding.
5:33 of 2nd period - Jordan Staal wins face-off versus Joe Thornton in Capitals zone.
6:12 of 2nd period - Snap shot by Patrick Sharp.
6:12 of 2nd period - Shot Misses the Net.
6:14 of 2nd period - Snap shot by Pernell Karl Subban.
6:14 of 2nd period - Shot Misses the Net.
7:32 of 2nd period - Penalty to Ryan Getzlaf is over, Ryan Getzlaf is back on ice.
7:37 of 2nd period - Snap shot by Ryan Parent.
7:37 of 2nd period - Stopped by Mike Smith with a rebound.
7:43 of 2nd period - Snap shot by Mika Zibanejad.
7:43 of 2nd period - Stopped by Mike Smith with a rebound.
7:45 of 2nd period - Snap shot by Mika Zibanejad.
7:45 of 2nd period - Stopped by Mike Smith with a rebound.
7:47 of 2nd period - Slapshot by Hampus Lindholm.
7:47 of 2nd period - Stopped by Mike Smith without a rebound.
7:48 of 2nd period - Nate Thompson wins face-off versus Ryan Getzlaf in Capitals zone.
7:51 of 2nd period - Snap shot by Beau Bennett.
7:51 of 2nd period - Shot Misses the Net.
8:31 of 2nd period - Snap shot by Ryan Getzlaf.
8:31 of 2nd period - Shot Misses the Net.
8:53 of 2nd period - Snap shot by Nate Thompson.
8:53 of 2nd period - Stopped by Mike Smith with a rebound.
9:04 of 2nd period - Slapshot by Nate Thompson.
9:04 of 2nd period - Shot Blocked by Brian McGrattan.
9:18 of 2nd period - Off-side.
9:19 of 2nd period - Jordan Staal wins face-off versus Joe Thornton in neutral zone.
9:22 of 2nd period - Snap shot by Kevin Shattenkirk.
9:22 of 2nd period - Deflect By Pernell Karl Subban.
9:22 of 2nd period - Stopped by Mike Smith without a rebound.
9:23 of 2nd period - Jordan Staal wins face-off versus Joe Thornton in Capitals zone.
9:28 of 2nd period - Wrist shot by Taylor Hall.
9:28 of 2nd period - Stopped by Mike Smith without a rebound.
9:29 of 2nd period - Joe Thornton wins face-off versus Jordan Staal in Capitals zone.
10:04 of 2nd period - Snap shot by Patrick Kane.
10:04 of 2nd period - Stopped by Mike Smith without a rebound.
10:05 of 2nd period - Brayden Schenn wins face-off versus Mikko Koivu in Capitals zone.
10:28 of 2nd period - Icing by Dan Hamhuis.
10:29 of 2nd period - Joe Thornton wins face-off versus Mika Zibanejad in Capitals zone.
10:34 of 2nd period - Slapshot by Dan Hamhuis.
10:34 of 2nd period - Shot Misses the Net.
11:16 of 2nd period - Off-side.
11:17 of 2nd period - Joe Thornton wins face-off versus Jake Guentzel in neutral zone.
11:44 of 2nd period - Snap shot by Kyle Clifford.
11:44 of 2nd period - Stopped by Mike Smith without a rebound.
11:45 of 2nd period - Mikko Koivu wins face-off versus Brayden Schenn in Capitals zone.
12:57 of 2nd period - Snap shot by Mikko Koivu.
12:57 of 2nd period - Stopped by Marc-André Fleury without a rebound.
12:58 of 2nd period - Mikko Koivu wins face-off versus Nate Thompson in Maple Leafs zone.
13:23 of 2nd period - Wrist shot by Thomas Vanek.
13:23 of 2nd period - Shot Misses the Net.
13:50 of 2nd period - Wrist shot by Ryan Getzlaf.
13:50 of 2nd period - Stopped by Marc-André Fleury with a rebound.
13:52 of 2nd period - Backhand shot by Pernell Karl Subban.
13:52 of 2nd period - Deflect By Ryan Getzlaf.
13:52 of 2nd period - Shot Misses the Net.
13:52 of 2nd period - Puck is out of play.
13:53 of 2nd period - Ryan Getzlaf wins face-off versus Brayden Schenn in Maple Leafs zone.
14:09 of 2nd period - Wrist shot by Kyle Clifford.
14:09 of 2nd period - Stopped by Mike Smith with a rebound.
14:31 of 2nd period - Wrist shot by Thomas Vanek.
14:31 of 2nd period - Shot Misses the Net.
14:42 of 2nd period - Off-side.
14:43 of 2nd period - Mikko Koivu wins face-off versus Mika Zibanejad in neutral zone.
14:46 of 2nd period - Wrist shot by Ryan Suter.
14:46 of 2nd period - Shot Misses the Net.
14:56 of 2nd period - Mikko Koivu is hit by Blake Comeau.
15:28 of 2nd period - Slapshot by T.J. Oshie.
15:28 of 2nd period - Deflect By Peter Worrell.
15:28 of 2nd period - Stopped by Marc-André Fleury with a rebound.
15:30 of 2nd period - Wrist shot by Mikko Koivu.
15:30 of 2nd period - Stopped by Marc-André Fleury without a rebound.
15:31 of 2nd period - Joe Thornton wins face-off versus Jordan Staal in Maple Leafs zone.
15:38 of 2nd period - Joe Thornton is hit by Braydon Coburn and loses puck.
15:59 of 2nd period - Slapshot by Brian McGrattan.
15:59 of 2nd period - Shot Misses the Net.
16:01 of 2nd period - Slapshot by Pernell Karl Subban.
16:01 of 2nd period - Stopped by Marc-André Fleury with a rebound.
16:03 of 2nd period - Backhand shot by Brian McGrattan.
16:03 of 2nd period - Shot Blocked by Braydon Coburn.
16:05 of 2nd period - Snap shot by Patrick Sharp.
16:05 of 2nd period - Stopped by Marc-André Fleury without a rebound.
16:06 of 2nd period - Jordan Staal wins face-off versus Joe Thornton in Maple Leafs zone.
16:19 of 2nd period - Snap shot by Jordan Staal.
16:19 of 2nd period - Shot Misses the Net.
16:40 of 2nd period - Snap shot by Kyle Clifford.
16:40 of 2nd period - Stopped by Mike Smith with a rebound.
16:42 of 2nd period - Slapshot by Ryan Parent.
16:42 of 2nd period - Shot Misses the Net.
16:44 of 2nd period - Backhand shot by Ryan Parent.
16:44 of 2nd period - Deflect By T.J. Oshie.
16:44 of 2nd period - Stopped by Mike Smith with a rebound.
17:34 of 2nd period - Nate Thompson is hit by Pernell Karl Subban and loses puck.
18:23 of 2nd period - Wrist shot by Ryan Getzlaf.
18:23 of 2nd period - Stopped by Marc-André Fleury with a rebound.
18:25 of 2nd period - Snap shot by Brian McGrattan.
18:25 of 2nd period - Shot Misses the Net.
19:12 of 2nd period - Marc-Édouard Vlasic is hit by Peter Worrell and loses puck.
19:33 of 2nd period - Snap shot by Brayden Schenn.
19:33 of 2nd period - Stopped by Mike Smith with a rebound.
19:54 of 2nd period - Snap shot by Ryan Getzlaf.
19:54 of 2nd period - Shot Misses the Net.
19:56 of 2nd period - Snap shot by Ryan Getzlaf.
19:56 of 2nd period - Goal by Ryan Getzlaf - Capitals : 2 - Maple Leafs : 3.
19:57 of 2nd period - Patrick Kane wins face-off versus Joe Thornton in neutral zone.
Goals for this period are 1 for Capitals vs 1 for Maple Leafs.
Shots for this period are 10 for Capitals vs 17 for Maple Leafs.
3rd period
0:01 of 3rd period - Joe Thornton wins face-off versus Jordan Staal in neutral zone.
0:16 of 3rd period - Snap shot by Thomas Vanek.
0:16 of 3rd period - Shot Blocked by Braydon Coburn.
0:35 of 3rd period - Kevin Shattenkirk is hit by Thomas Vanek and loses puck.
0:44 of 3rd period - Wrist shot by Thomas Vanek.
0:44 of 3rd period - Shot Misses the Net.
0:56 of 3rd period - Icing by Joe Thornton.
0:57 of 3rd period - Brayden Schenn wins face-off versus Thomas Vanek in Capitals zone.
1:12 of 3rd period - Snap shot by Kyle Clifford.
1:12 of 3rd period - Stopped by Mike Smith without a rebound.
1:13 of 3rd period - Mika Zibanejad wins face-off versus Ryan Getzlaf in Capitals zone.
1:16 of 3rd period - Snap shot by Blake Comeau.
1:16 of 3rd period - Stopped by Mike Smith with a rebound.
1:18 of 3rd period - Wrist shot by Blake Comeau.
1:18 of 3rd period - Shot Blocked by Patrick Sharp.
2:05 of 3rd period - Ryan Suter is hit by Patrick Kane and loses puck.
2:10 of 3rd period - Backhand shot by Taylor Hall.
2:10 of 3rd period - Shot Hit the Post.
2:12 of 3rd period - Slapshot by Ryan Parent.
2:12 of 3rd period - Stopped by Mike Smith without a rebound.
2:13 of 3rd period - Brayden Schenn wins face-off versus Mikko Koivu in Capitals zone.
2:16 of 3rd period - Backhand shot by Kyle Clifford.
2:16 of 3rd period - Stopped by Mike Smith with a rebound.
2:18 of 3rd period - Snap shot by Brayden Schenn.
2:18 of 3rd period - Shot Blocked by Brent Burns.
2:20 of 3rd period - Snap shot by Ben Smith.
2:20 of 3rd period - Shot Blocked by T.J. Oshie.
2:22 of 3rd period - Snap shot by Brayden Schenn.
2:22 of 3rd period - Shot Misses the Net.
2:24 of 3rd period - Wrist shot by Kyle Clifford.
2:24 of 3rd period - Stopped by Mike Smith with a rebound.
2:46 of 3rd period - Wrist shot by Patrick Kane.
2:46 of 3rd period - Shot Blocked by Brent Burns.
2:50 of 3rd period - Snap shot by Jordan Staal.
2:50 of 3rd period - Shot Blocked by Brent Burns.
3:09 of 3rd period - Off-side.
3:10 of 3rd period - Jordan Staal wins face-off versus Ryan Getzlaf in neutral zone.
3:13 of 3rd period - Slapshot by Braydon Coburn.
3:13 of 3rd period - Deflect By Taylor Hall.
3:13 of 3rd period - Stopped by Mike Smith without a rebound.
3:14 of 3rd period - Jordan Staal wins face-off versus Ryan Getzlaf in Capitals zone.
3:49 of 3rd period - Slapshot by Dan Hamhuis.
3:49 of 3rd period - Shot Blocked by Kevin Shattenkirk.
3:51 of 3rd period - Snap shot by Torey Krug.
3:51 of 3rd period - Stopped by Marc-André Fleury without a rebound.
3:52 of 3rd period - Jordan Staal wins face-off versus Joe Thornton in Maple Leafs zone.
4:07 of 3rd period - Snap shot by Taylor Hall.
4:07 of 3rd period - Stopped by Mike Smith with a rebound.
4:09 of 3rd period - Wrist shot by Jordan Staal.
4:09 of 3rd period - Stopped by Mike Smith with a rebound.
4:19 of 3rd period - Brent Burns is hit by Kyle Clifford and loses puck.
4:26 of 3rd period - Wrist shot by Ben Smith.
4:26 of 3rd period - Stopped by Mike Smith with a rebound.
4:28 of 3rd period - Slapshot by Brayden Schenn.
4:28 of 3rd period - Stopped by Mike Smith without a rebound.
4:29 of 3rd period - Jordan Staal wins face-off versus Mikko Koivu in Capitals zone.
4:58 of 3rd period - Snap shot by Ben Smith.
4:58 of 3rd period - Stopped by Mike Smith without a rebound.
4:59 of 3rd period - Joe Pavelski wins face-off versus Brayden Schenn in Capitals zone.
4:59 of 3rd period - Joe Pavelski is hit by Kyle Clifford.
5:30 of 3rd period - Minor Penalty to Joe Pavelski for Roughing.
5:31 of 3rd period - Joe Thornton wins face-off versus Jordan Staal in Capitals zone.
6:12 of 3rd period - Ben Smith is hit by Joe Thornton and loses puck.
6:49 of 3rd period - Minor Penalty to Kyle Clifford for Hooking.
6:50 of 3rd period - Joe Thornton wins face-off versus Patrick Kane in Maple Leafs zone.
7:30 of 3rd period - Penalty to Joe Pavelski is over, Joe Pavelski is back on ice.
8:14 of 3rd period - Mikko Koivu is hit by Eric Nystrom.
8:27 of 3rd period - Snap shot by Joe Pavelski.
8:27 of 3rd period - Stopped by Marc-André Fleury without a rebound.
8:28 of 3rd period - Ryan Getzlaf wins face-off versus Patrick Kane in Maple Leafs zone.
8:43 of 3rd period - Snap shot by Brian McGrattan.
8:43 of 3rd period - Stopped by Marc-André Fleury without a rebound.
8:44 of 3rd period - Ryan Getzlaf wins face-off versus Patrick Kane in Maple Leafs zone.
8:47 of 3rd period - Wrist shot by Brian McGrattan.
8:47 of 3rd period - Stopped by Marc-André Fleury with a rebound.
8:49 of 3rd period - Penalty to Kyle Clifford is over, Kyle Clifford is back on ice.
8:49 of 3rd period - Slapshot by Ryan Getzlaf.
8:49 of 3rd period - Goal by Ryan Getzlaf - Capitals : 3 - Maple Leafs : 3.
8:50 of 3rd period - Joe Thornton wins face-off versus Jordan Staal in neutral zone.
9:15 of 3rd period - Brian McGrattan is hit by Kevin Shattenkirk and loses puck.
9:49 of 3rd period - Snap shot by Mikko Koivu.
9:49 of 3rd period - Stopped by Marc-André Fleury with a rebound.
11:19 of 3rd period - Wrist shot by Mikko Koivu.
11:19 of 3rd period - Stopped by Marc-André Fleury with a rebound.
11:33 of 3rd period - Snap shot by Kyle Clifford.
11:33 of 3rd period - Shot Blocked by Brian McGrattan.
13:04 of 3rd period - Slapshot by Taylor Hall.
13:04 of 3rd period - Shot Misses the Net.
13:06 of 3rd period - Backhand shot by Marc-Édouard Vlasic.
13:06 of 3rd period - Shot Misses the Net.
13:08 of 3rd period - Snap shot by John Klingberg.
13:08 of 3rd period - Shot Blocked by Dan Hamhuis.
14:14 of 3rd period - Brian McGrattan is hit by John Klingberg and loses puck.
15:13 of 3rd period - Wrist shot by Eric Nystrom.
15:13 of 3rd period - Goal by Eric Nystrom - Capitals : 3 - Maple Leafs : 4.
15:14 of 3rd period - Joe Thornton wins face-off versus Mika Zibanejad in neutral zone.
17:07 of 3rd period - Snap shot by Mika Zibanejad.
17:07 of 3rd period - Stopped by Mike Smith with a rebound.
17:09 of 3rd period - Backhand shot by Blake Comeau.
17:09 of 3rd period - Shot Blocked by Ryan Suter.
17:11 of 3rd period - Snap shot by Eric Nystrom.
17:11 of 3rd period - Stopped by Mike Smith with a rebound.
17:39 of 3rd period - Snap shot by Taylor Hall.
17:39 of 3rd period - Stopped by Mike Smith without a rebound.
17:40 of 3rd period - Patrick Kane wins face-off versus Patrick Sharp in Capitals zone.
18:09 of 3rd period - Snap shot by Ondrej Palat.
18:09 of 3rd period - Goal by Ondrej Palat - Capitals : 4 - Maple Leafs : 4.
18:10 of 3rd period - Ondrej Palat wins face-off versus Mika Zibanejad in neutral zone.
19:04 of 3rd period - Snap shot by Kyle Clifford.
19:04 of 3rd period - Stopped by Mike Smith with a rebound.
19:16 of 3rd period - Thomas Vanek is hit by Hampus Lindholm and loses puck.
Goals for this period are 2 for Capitals vs 1 for Maple Leafs.
Shots for this period are 8 for Capitals vs 16 for Maple Leafs.
Overtime #1
0:01 of 1st overtime period - Joe Thornton wins face-off versus Patrick Kane in neutral zone.
0:14 of 1st overtime period - Snap shot by Joe Thornton.
0:14 of 1st overtime period - Shot Misses the Net.
0:16 of 1st overtime period - Slapshot by Pernell Karl Subban.
0:16 of 1st overtime period - Stopped by Marc-André Fleury without a rebound.
0:17 of 1st overtime period - Patrick Kane wins face-off versus Joe Thornton in Maple Leafs zone.
1:58 of 1st overtime period - Torey Krug is hit by Kyle Clifford and loses puck.
2:05 of 1st overtime period - Slapshot by Kevin Shattenkirk.
2:05 of 1st overtime period - Shot Blocked by Dan Hamhuis.
4:49 of 1st overtime period - Icing by Dan Hamhuis.
4:50 of 1st overtime period - Mika Zibanejad wins face-off versus Jeff Skinner in Capitals zone.
Goals for this period are 0 for Capitals vs 0 for Maple Leafs.
Shots for this period are 1 for Capitals vs 0 for Maple Leafs.
ShootOut
5:00 of 1st overtime period - Round #1.
5:00 of 1st overtime period - Capitals, Joe Thornton.
5:00 of 1st overtime period - Wrist shot by Joe Thornton.
5:00 of 1st overtime period - Stopped by Marc-André Fleury.
5:00 of 1st overtime period - Maple Leafs, Patrick Kane.
5:00 of 1st overtime period - Wrist shot by Patrick Kane.
5:00 of 1st overtime period - Stopped by Mike Smith.
5:00 of 1st overtime period - Round #2.
5:00 of 1st overtime period - Capitals, Joe Pavelski.
5:00 of 1st overtime period - Backhand shot by Joe Pavelski.
5:00 of 1st overtime period - Stopped by Marc-André Fleury.
5:00 of 1st overtime period - Maple Leafs, Taylor Hall.
5:00 of 1st overtime period - Snap shot by Taylor Hall.
5:00 of 1st overtime period - Stopped by Mike Smith.
5:00 of 1st overtime period - Round #3.
5:00 of 1st overtime period - Capitals, Thomas Vanek.
5:00 of 1st overtime period - Backhand shot by Thomas Vanek.
5:00 of 1st overtime period - Shot Misses the Net.
5:00 of 1st overtime period - Maple Leafs, Jordan Staal.
5:00 of 1st overtime period - Deke by Jordan Staal.
5:00 of 1st overtime period - Stopped by Mike Smith.
5:00 of 1st overtime period - Round #4.
5:00 of 1st overtime period - Capitals, Patrick Sharp.
5:00 of 1st overtime period - Wrist shot by Patrick Sharp.
5:00 of 1st overtime period - Stopped by Marc-André Fleury.
5:00 of 1st overtime period - Maple Leafs, Brayden Schenn.
5:00 of 1st overtime period - Wrist shot by Brayden Schenn.
5:00 of 1st overtime period - Shot Misses the Net.
5:00 of 1st overtime period - Round #5.
5:00 of 1st overtime period - Capitals, Ryan Getzlaf.
5:00 of 1st overtime period - Wrist shot by Ryan Getzlaf.
5:00 of 1st overtime period - Goal by Ryan Getzlaf.
5:00 of 1st overtime period - Maple Leafs, Kyle Clifford.
5:00 of 1st overtime period - Snap shot by Kyle Clifford.
5:00 of 1st overtime period - Goal by Kyle Clifford.
5:00 of 1st overtime period - Round #6.
5:00 of 1st overtime period - Capitals, Jeff Skinner.
5:00 of 1st overtime period - Deke by Jeff Skinner.
5:00 of 1st overtime period - Stopped by Marc-André Fleury.
5:00 of 1st overtime period - Maple Leafs, Blake Comeau.
5:00 of 1st overtime period - Backhand shot by Blake Comeau.
5:00 of 1st overtime period - Stopped by Mike Smith.
5:00 of 1st overtime period - Round #7.
5:00 of 1st overtime period - Capitals, Mikko Koivu.
5:00 of 1st overtime period - Deke by Mikko Koivu.
5:00 of 1st overtime period - Goal by Mikko Koivu.
5:00 of 1st overtime period - Maple Leafs, John Klingberg.
5:00 of 1st overtime period - Deke by John Klingberg.
5:00 of 1st overtime period - Shot Hit the Post.
Back to the Top